| TOP OF THE 1ST |
|
Portland Beavers batting - Pitching for Eugene Emeralds : RHP Jim Beattie
|
|
Pitching: RHP Jim Beattie
|
|
|
Batting: SHB Wally Backman
|
0-0: Called Strike 0-1: Foul Ball, location: 2F 0-2: Foul Ball, location: 2F 0-2: Ball 1-2: Foul Ball, location: 2F 1-2: Ball 2-2: Strikes out looking
|
|
Batting: LHB Mike Gates
|
0-0: Swinging Strike 0-1: Ball 1-1: Ball 2-1: Fly out, F8 (Line Drive, 8RD, EV 105.0 MPH)
|
|
Batting: RHB Martinho Varandas
|
0-0: Ball 1-0: Ground out 6-3 (Groundball, 6, EV 79.4 MPH)
|
| Top of the 1st over - 0 runs, 0 hits, 0 errors, 0 left on base; Portland 0 - Eugene 0 |
| BOTTOM OF THE 1ST |
|
Eugene Emeralds batting - Pitching for Portland Beavers : RHP Kenneth Shea
|
|
Pitching: RHP Kenneth Shea
|
|
|
Batting: LHB James Peters
|
0-0: Ball 1-0: Called Strike 1-1: Foul Ball, location: 2F 1-2: Strikes out looking
|
|
Batting: LHB Randy Bush
|
0-0: Ball 1-0: Ball 2-0: Reached on error, E4 (Groundball, 4, EV 93.1 MPH)
|
|
Batting: LHB Ty Gainey
|
0-0: Swinging Strike 0-1: Swinging Strike 0-2: Ball 1-2: Strikes out swinging
|
|
Batting: LHB Dave Revering
|
0-0: Called Strike 0-1: Ball 1-1: Foul Ball, location: 2F 1-2: Ball 2-2: Ball 3-2: Foul Ball, location: 2F 3-2: Foul Ball, location: 2F 3-2: Fly out, F2 (Popup, 25F, EV 83.1 MPH)
|
| Bottom of the 1st over - 0 runs, 0 hits, 1 error, 1 left on base; Portland 0 - Eugene 0 |
| TOP OF THE 2ND |
|
Portland Beavers batting - Pitching for Eugene Emeralds : RHP Jim Beattie
|
|
Batting: LHB Harold Baines
|
0-0: Foul Ball, location: 2F 0-1: Ball 1-1: Called Strike 1-2: TRIPLE (Flyball, 9D, EV 98.1 MPH)
|
|
Batting: LHB Andre David
|
0-0: Ball 1-0: Fly out, F7 (Flyball, 7, EV 76.9 MPH) Runner from 3rd tags up, SCORES, throw by LF
|
|
Batting: RHB Skeeter Barnes
|
0-0: Ball 1-0: Foul Ball, location: 2F 1-1: Ball 2-1: Ball 3-1: Foul Ball, location: 2F 3-2: Foul Ball, location: 2F 3-2: Fly out, F2 (Popup, 25F, EV 84.4 MPH)
|
|
Batting: RHB Pepe Mangual
|
0-0: Ball 1-0: Swinging Strike 1-1: Ground out 6-3 (Groundball, 6, EV 91.3 MPH)
|
| Top of the 2nd over - 1 run, 1 hit, 0 errors, 0 left on base; Portland 1 - Eugene 0 |
| BOTTOM OF THE 2ND |
|
Eugene Emeralds batting - Pitching for Portland Beavers : RHP Kenneth Shea
|
|
Batting: RHB Tim Wallach
|
0-0: Ball 1-0: Foul Ball, location: 2F 1-1: Ball 2-1: Ball 3-1: Swinging Strike 3-2: Foul Ball, location: 2F 3-2: Ground out 6-3 (Groundball, 6, EV 98.1 MPH)
|
|
Batting: LHB Milt May
|
0-0: Ball 1-0: Ball 2-0: Foul Ball, location: 2F 2-1: Swinging Strike 2-2: Ball 3-2: Foul Ball, location: 2F 3-2: Base on Balls
|
|
Batting: RHB Derrell Baker
|
0-0: Called Strike 0-1: Fly out, F8 (Flyball, 8LD, EV 95.6 MPH)
|
|
Batting: LHB Terry Lee
|
0-0: Ball 1-0: SINGLE (Line Drive, 8LS, EV 98.1 MPH) Milt May to second
|
|
Batting: LHB Richard Rickman
|
0-0: Foul Ball, location: 2F 0-1: Ground out U3 (Groundball, 34, EV 110.6 MPH)
|
| Bottom of the 2nd over - 0 runs, 1 hit, 0 errors, 2 left on base; Portland 1 - Eugene 0 |
| TOP OF THE 3RD |
|
Portland Beavers batting - Pitching for Eugene Emeralds : RHP Jim Beattie
|
|
Batting: RHB Kevin Buckley
|
0-0: Called Strike 0-1: Bunt for hit to 13S - play at first, batter OUT! 1-3
|
|
Batting: LHB Pat Sheridan
|
0-0: Foul Ball, location: 2F 0-1: Called Strike 0-2: Ground out 6-3 (Groundball, 6S, EV 90.0 MPH)
|
|
Batting: SHB Wally Backman
|
0-0: Ball 1-0: Ground out 5-3 (Groundball, 56, EV 104.4 MPH)
|
| Top of the 3rd over - 0 runs, 0 hits, 0 errors, 0 left on base; Portland 1 - Eugene 0 |
| BOTTOM OF THE 3RD |
|
Eugene Emeralds batting - Pitching for Portland Beavers : RHP Kenneth Shea
|
|
Batting: LHB James Peters
|
0-0: Fly out, F9 (Flyball, 9D, EV 105.6 MPH)
|
|
Batting: LHB Randy Bush
|
0-0: Ball 1-0: Called Strike 1-1: Called Strike 1-2: Strikes out looking
|
|
Batting: LHB Ty Gainey
|
0-0: Foul Ball, location: 2F 0-1: Fly out, F8 (Line Drive, 8RD, EV 97.5 MPH)
|
| Bottom of the 3rd over - 0 runs, 0 hits, 0 errors, 0 left on base; Portland 1 - Eugene 0 |
| TOP OF THE 4TH |
|
Portland Beavers batting - Pitching for Eugene Emeralds : RHP Jim Beattie
|
|
Batting: LHB Mike Gates
|
0-0: Ball 1-0: Ball 2-0: Called Strike 2-1: DOUBLE (Flyball, 8LD, EV 91.9 MPH)
|
|
Batting: RHB Martinho Varandas
|
0-0: Ball 1-0: Ball 2-0: Called Strike 2-1: Foul Ball, location: 2F 2-2: Ground out U3 (Groundball, 34S, EV 76.9 MPH) Mike Gates to third
|
|
Batting: LHB Harold Baines
|
0-0: Fly out, F5 (Popup, 5SF, EV 71.3 MPH)
|
|
Batting: LHB Andre David
|
0-0: Ball 1-0: Swinging Strike 1-1: SINGLE (Groundball, 34D, EV 111.9 MPH) Mike Gates scores
|
|
Batting: RHB Skeeter Barnes
|
0-0: Ball Wild Pitch! Andre David to second 1-0: Called Strike 1-1: Fly out, F8 (Line Drive, 8LM, EV 92.5 MPH)
|
| Top of the 4th over - 1 run, 2 hits, 0 errors, 1 left on base; Portland 2 - Eugene 0 |
| BOTTOM OF THE 4TH |
|
Eugene Emeralds batting - Pitching for Portland Beavers : RHP Kenneth Shea
|
|
Batting: LHB Dave Revering
|
0-0: Called Strike 0-1: Ball 1-1: Called Strike 1-2: Strikes out swinging
|
|
Batting: RHB Tim Wallach
|
0-0: Ball 1-0: Swinging Strike 1-1: Ball 2-1: Called Strike 2-2: Foul Ball, location: 2F 2-2: Fly out, F3 (Popup, 3SF, EV 71.9 MPH)
|
|
Batting: LHB Milt May
|
0-0: Ground out 4-3 (Groundball, 4, EV 102.5 MPH)
|
| Bottom of the 4th over - 0 runs, 0 hits, 0 errors, 0 left on base; Portland 2 - Eugene 0 |
| TOP OF THE 5TH |
|
Portland Beavers batting - Pitching for Eugene Emeralds : RHP Jim Beattie
|
|
Batting: RHB Pepe Mangual
|
0-0: Called Strike 0-1: Ball 1-1: Ground out 4-3 (Groundball, 4M, EV 96.3 MPH)
|
|
Batting: RHB Kevin Buckley
|
0-0: Swinging Strike 0-1: Single, Error in OF, E8, batter to second base (Groundball, 4MD, EV 96.3 MPH)
|
|
Batting: LHB Pat Sheridan
|
0-0: Ball 1-0: Called Strike 1-1: Called Strike 1-2: Fly out, F8 (Line Drive, 8LD, EV 86.9 MPH)
|
|
Batting: SHB Wally Backman
|
0-0: Ball 1-0: Foul Ball, location: 2F 1-1: Ball 2-1: Ball 3-1: Fly out, F7 (Flyball, 7S, EV 82.5 MPH)
|
| Top of the 5th over - 0 runs, 1 hit, 1 error, 1 left on base; Portland 2 - Eugene 0 |
| BOTTOM OF THE 5TH |
|
Eugene Emeralds batting - Pitching for Portland Beavers : RHP Kenneth Shea
|
|
Batting: RHB Derrell Baker
|
0-0: Bunt missed! 0-1: Ball 1-1: Ground out 2-3 (Groundball, 2L, EV 67.5 MPH)
|
|
Batting: LHB Terry Lee
|
0-0: Fly out, F7 (Line Drive, 7, EV 93.1 MPH)
|
|
Batting: LHB Richard Rickman
|
0-0: Ball 1-0: Fly out, F4 (Line Drive, 4, EV 63.8 MPH)
|
| Bottom of the 5th over - 0 runs, 0 hits, 0 errors, 0 left on base; Portland 2 - Eugene 0 |
| TOP OF THE 6TH |
|
Portland Beavers batting - Pitching for Eugene Emeralds : RHP Jim Beattie
|
|
Batting: LHB Mike Gates
|
0-0: Ball 1-0: Foul Ball, location: 2F 1-1: Ball 2-1: Ground out 4-3 (Groundball, 4, EV 100.6 MPH)
|
|
Batting: RHB Martinho Varandas
|
0-0: Ball 1-0: Called Strike 1-1: SINGLE (Groundball, 3D, EV 96.9 MPH)
|
|
Batting: LHB Harold Baines
|
0-0: Called Strike 0-1: Ball 1-1: Ball 2-1: Foul Ball, location: 2F 2-2: Foul Ball, location: 2F 2-2: Strikes out swinging
|
|
Batting: LHB Andre David
|
0-0: Swinging Strike 0-1: Ground out 3-1 (Groundball, 34, EV 101.9 MPH)
|
| Top of the 6th over - 0 runs, 1 hit, 0 errors, 1 left on base; Portland 2 - Eugene 0 |
| BOTTOM OF THE 6TH |
|
Eugene Emeralds batting - Pitching for Portland Beavers : RHP Kenneth Shea
|
|
Batting: LHB James Peters
|
0-0: Called Strike 0-1: Ball 1-1: Foul Ball, location: 2F 1-2: Fly out, F3 (Flyball, 3D, EV 78.1 MPH)
|
|
Batting: LHB Randy Bush
|
0-0: Ball 1-0: Ball 2-0: Ball 3-0: Called Strike 3-1: Foul Ball, location: 2F 3-2: Foul Ball, location: 2F 3-2: Fly out, F8 (Line Drive, 89M, EV 85.6 MPH)
|
|
Batting: LHB Ty Gainey
|
0-0: Called Strike 0-1: Foul Ball, location: 2F 0-2: Ball 1-2: Strikes out swinging
|
| Bottom of the 6th over - 0 runs, 0 hits, 0 errors, 0 left on base; Portland 2 - Eugene 0 |
| TOP OF THE 7TH |
|
Portland Beavers batting - Pitching for Eugene Emeralds : RHP Jim Beattie
|
|
Batting: RHB Skeeter Barnes
|
0-0: Ball 1-0: Called Strike 1-1: Ball 2-1: Fly out, F4 (Popup, 4M, EV 76.3 MPH)
|
|
Batting: RHB Pepe Mangual
|
0-0: Ball 1-0: Foul Ball, location: 2F 1-1: Ball 2-1: Ball 3-1: Swinging Strike 3-2: Base on Balls
|
|
Batting: RHB Kevin Buckley
|
0-0: Called Strike 0-1: Ball 1-1: Foul Ball, location: 2F 1-2: Grounds into double play, 6-4-3 (Groundball, 6, EV 84.4 MPH)
|
| Top of the 7th over - 0 runs, 0 hits, 0 errors, 0 left on base; Portland 2 - Eugene 0 |
| BOTTOM OF THE 7TH |
|
Eugene Emeralds batting - Pitching for Portland Beavers : RHP Kenneth Shea
|
|
Batting: LHB Dave Revering
|
0-0: Swinging Strike 0-1: Ball 1-1: Called Strike 1-2: Ball 2-2: Strikes out looking
|
|
Batting: RHB Tim Wallach
|
0-0: Ball 1-0: Foul Ball, location: 2F 1-1: Called Strike 1-2: Ground out U3 (Groundball, 3, EV 92.5 MPH)
|
|
Batting: LHB Milt May
|
0-0: Called Strike 0-1: Ground out 6-3 (Groundball, 4M, EV 81.9 MPH)
|
| Bottom of the 7th over - 0 runs, 0 hits, 0 errors, 0 left on base; Portland 2 - Eugene 0 |
| TOP OF THE 8TH |
|
Portland Beavers batting - Pitching for Eugene Emeralds : RHP Jim Beattie
|
|
Batting: LHB Pat Sheridan
|
0-0: Foul Ball, location: 2F 0-1: Ball 1-1: Foul Ball, location: 2F 1-2: Fly out, F7 (Flyball, 7LS, EV 84.4 MPH)
|
|
Batting: SHB Wally Backman
|
0-0: Foul Ball, location: 2F 0-1: Swinging Strike 0-2: Ground out 5-3 (Groundball, 5L, EV 101.3 MPH)
|
|
Batting: LHB Mike Gates
|
0-0: Ball 1-0: Foul Ball, location: 2F 1-1: Called Strike 1-2: Strikes out swinging
|
| Top of the 8th over - 0 runs, 0 hits, 0 errors, 0 left on base; Portland 2 - Eugene 0 |
| BOTTOM OF THE 8TH |
|
Eugene Emeralds batting - Pitching for Portland Beavers : RHP Kenneth Shea
|
|
Batting: RHB Derrell Baker
|
0-0: Ball 1-0: Called Strike 1-1: Ball 2-1: Ball 3-1: Called Strike 3-2: Strikes out swinging
|
|
Batting: LHB Terry Lee
|
0-0: Ball 1-0: Called Strike 1-1: Fly out, F6 (Popup, 6S, EV 64.4 MPH)
|
|
Batting: LHB Richard Rickman
|
0-0: Ball 1-0: SINGLE (Groundball, 6MD, EV 96.3 MPH)
|
|
Batting: LHB James Peters
|
0-0: Called Strike 0-1: Called Strike 0-2: Ball 1-2: Ball 2-2: Ground out U3 (Groundball, 13, EV 86.3 MPH)
|
| Bottom of the 8th over - 0 runs, 1 hit, 0 errors, 1 left on base; Portland 2 - Eugene 0 |
| TOP OF THE 9TH |
|
Portland Beavers batting - Pitching for Eugene Emeralds : RHP Jim Beattie
|
|
Batting: RHB Martinho Varandas
|
0-0: Ball 1-0: Ball 2-0: Called Strike 2-1: Ball 3-1: Foul Ball, location: 2F 3-2: Base on Balls
|
|
Batting: LHB Harold Baines
|
0-0: Swinging Strike 0-1: Ball 1-1: Grounds into double play, 4-6-3 (Groundball, 4, EV 91.9 MPH)
|
|
Batting: LHB Andre David
|
0-0: Called Strike 0-1: Ball 1-1: Ball 2-1: Ground out 6-3 (Groundball, 56, EV 101.3 MPH)
|
| Top of the 9th over - 0 runs, 0 hits, 0 errors, 0 left on base; Portland 2 - Eugene 0 |
| BOTTOM OF THE 9TH |
|
Eugene Emeralds batting - Pitching for Portland Beavers : RHP Kenneth Shea
|
|
Batting: LHB Randy Bush
|
0-0: Ball 1-0: Swinging Strike 1-1: Called Strike 1-2: Ground out 6-3 (Groundball, 6M, EV 101.3 MPH)
|
|
Batting: LHB Ty Gainey
|
0-0: Called Strike 0-1: Ball 1-1: Foul Ball, location: 2F 1-2: SOLO HOME RUN (Flyball, 9D, EV 96.3 MPH), Distance : 375 ft
|
|
Pitching: RHP Enrique Reyes
|
|
|
Batting: LHB Dave Revering
|
0-0: Ball 1-0: Called Strike 1-1: Fly out, F9 (Line Drive, 9D, EV 91.9 MPH)
|
|
Batting: RHB Tim Wallach
|
0-0: Ball 1-0: Called Strike 1-1: Foul Ball, location: 2F 1-2: Strikes out swinging
|
| Bottom of the 9th over - 1 run, 1 hit, 0 errors, 0 left on base; Portland 2 - Eugene 1 |
|